 Dungeon Crawl Stone Soup version 0.29-a0-520-gc852659d43 (webtiles) character file.

Game seed: 3451555029746396968

28 kae the Firebug (level 2, 5/22 HPs)
             Began as a Demigod Fire Elementalist on May 31, 2022.
             Quit the game on level 3 of the Dungeon.
             The game lasted 00:01:18 (1243 turns).

kae the Firebug (Demigod Fire Elementalist)         Turns: 1243, Time: 00:01:19

Health: 5/22       AC:  2    Str:  9    XL:     2   Next: 78%
Magic:  7/7        EV: 12    Int: 17    God:
Gold:   72         SH:  0    Dex: 14    Spells: 3/4 levels left

rFire   . . .      SeeInvis .   (no weapon)
rCold   . . .      Faith    .   (no shield)
rNeg    . . .      Spirit   .   a - +0 robe
rPois   .          Reflect  .   (no helmet)
rElec   .          Harm     .   (no cloak)
rCorr   .          Rampage  .   (no gloves)
Will    .....                   (no boots)
Stlth   ++........              (no amulet)
HPRegen 0.07/turn               (no ring)
MPRegen 0.10/turn               (no ring)

@: no status effects
A: high MP 1, forlorn, divine attributes
a: no special abilities


You were on level 3 of the Dungeon.
You visited 1 branch of the dungeon, and saw 3 of its levels.

You collected 72 gold pieces.

Inventory:

Armour
 a - a +0 robe (worn)
Potions
 b - a potion of magic
 e - a potion of attraction


   Skills:
 + Level 0.7 Fighting
 + Level 2.0 Dodging
 - Level 1.7 Stealth
 + Level 1.9 Spellcasting
 * Level 1.5 Conjurations
 * Level 3.0 Fire Magic


You had 3 spell levels left.
You knew the following spells:

 Your Spells              Type           Power      Damage    Failure   Level
a - Foxfire               Conj/Fire      36%        2x1d5     8%          1

Your spell library contained the following spells:

 Spells                   Type           Power      Damage    Failure   Level
 Scorch                   Fire           24%        2d6       9%          2
 Conjure Flame            Conj/Fire      9%         6-21      22%         3
 Inner Flame              Hex/Fire       6%         N/A       30%         3
 Flame Wave               Conj/Fire      9%         2d5       58%         4


Dungeon Overview and Level Annotations

Branches:
Dungeon (2/15)

Annotations:
D:3 Natasha


Innate Abilities, Weirdness & Mutations

You have an increased reservoir of magic. (+10% MP)
You shall have no god before yourself.
Your divine heritage dramatically boosts your attributes as you level up.


Message History

There are monsters nearby!
There are monsters nearby!
There are monsters nearby!
Unknown command.
An orc wizard and an orc come into view.
The orc shouts! x2; The orc wizard shouts!
You hear a shout!
Okay, then.
Okay, then.
An orc priest comes into view. It is wielding a +0 dagger.
Okay, then.
Okay, then.
You aren't carrying any items that you can evoke.
As you read the scroll labelled RAZIVY PEGH, it crumbles to dust.
It is a scroll of amnesia.
Really abort (and waste the scroll)?
Okay, then.
As you read the scroll of identify, it crumbles to dust.
e - a potion of attraction The orc closely misses you.
Okay, then.
The orc wizard gestures wildly while chanting.
The orc wizard flickers and vanishes!
Deactivating autopickup; reactivate with Ctrl-A.
The orc attacks as you move away! The orc closely misses you.
The orc attacks as you move away! The orc hits you with a +0 war axe.
Found a short sword.
The orc attacks as you move away! The orc hits you with a +0 war axe.
The orc attacks as you move away! The orc hits you with a +0 war axe!
Ouch! That really hurt!
The orc attacks as you move away! The orc hits you with a +0 war axe.
* * * LOW HITPOINT WARNING * * *
The orc attacks as you move away! The orc barely misses you.
Natasha, Servant of Life and Death comes into view.
Found 16 gold pieces.
A frilled lizard comes into view.
Natasha hisses angrily.
The frilled lizard hisses angrily.
The orc attacks as you move away! The orc barely misses you.
A goblin comes into view. It is wielding a +0 dagger.
Natasha misses you.
Are you sure you want to abandon this character and quit the game? (Confirm with "yes".)

#.. .....
#g##....#.#
#.#........
#..........
#.....$...
#........#
#lh...####
#@o......#
###......#
#......# +++
#..o.o.######...
#...........).#
#####.#####.###
#..# #..#
##.#####.###
.#.....o..


You could see an orc priest, Natasha, 2 orcs, a goblin and a frilled lizard.

Vanquished Creatures
  4 ball pythons (D:1)
  3 bats (D:1)
  2 endoplasms (D:1)
  A giant cockroach (D:1)
  A hobgoblin (D:1)
  5 frilled lizards
  5 goblins
  2 kobolds (D:1)
  5 rats
28 creatures vanquished.

Vanquished Creatures (others)
  91 foxfires
91 creatures vanquished.

Grand Total: 119 creatures vanquished

Notes
Turn   | Place    | Note
-------+----------+-------------------------------------------
     0 | D:1      | kae the Demigod Fire Elementalist began the quest for the
                  | Orb.
     0 | D:1      | Reached XP level 1. HP: 14/14 MP: 5/5
    24 | D:1      | Reached skill level 1 in Conjurations
   359 | D:1      | Reached XP level 2. HP: 22/22 MP: 5/7
   469 | D:1      | Reached skill level 3 in Fire Magic
  1189 | D:2      | You fall into a shaft and drop 1 floor!
  1238 | D:3      | Noticed Natasha
  1243 | D:3      | Quit the game

Illustrated notes

Levels and vault maps discovered:
D:1:      minmay_arrival_radiant_lines, layout_rooms,
          shapermc_ecumenical_altar_mp_highgroup, nicolae_figureground_sparkle
D:2:      layout_basic
D:3:      cheibrodos_pilgrimage, layout_basic, bloody_makhleb,
          mainiacjoe_overflow_alcove_4, serial_shops, shop, uniq_natasha

Skill      XL: |  1  2 |
---------------+-------+-----
Conjurations   | 1 |  1.5
Fire Magic     | 3 |  3.0
Dodging        | 2 |  2.0
Fighting       | |  0.7
Stealth        | |  1.7
Spellcasting   | |  1.9

Action                   || total
-------------------------++-------
Melee: Unarmed           ||    12
 Cast: Foxfire           ||    49
  Use: Scroll            ||     4
Dodge: Dodged            ||    14

Table legend: (Time is in decaauts)
 A = Elapsed time spent in this place.
 B = Non-inter-level travel time spent in this place.
 C = Inter-level travel time spent in this place.
 D = Time resting spent in this place.
 E = Time spent auto-exploring this place.
 F = Levels seen in this place.
 G = Mean time per level.
                   A        B        C        D        E       F      G
               +--------+--------+--------+--------+--------+-----+--------+
         Total |   1242 |   1220 |     22 |      0 |   1001 |   3 |  414.0 |
       Dungeon |   1242 |   1220 |     22 |      0 |   1001 |   3 |  414.0 |
               +--------+--------+--------+--------+--------+-----+--------+

Top non-repeatable levels by time:
     D:1: 1015 daAuts
     D:2: 173 daAuts
     D:3: 53 daAuts
